Map: 乌雷纳

Players

shengy - Winner!

  • Race: Zerg Zerg
  • League: Platinum

Warkoe

  • Race: Zerg Zerg

VOD

Have the link to the VOD?

Description

Time

  • Played on: Jan. 1, 2016, 3:36 p.m.
  • Length: 6:01
Show
View Real Time Build Order
Export as new Build Order

shengy Zerg - Winner!

Build Orders: Pool First 

Get SALT Encoding   

  12  0:01  Drone  
  13  0:08  Drone  
  14  0:17  Overlord  
  14  0:35  Drone x3  
  17  0:46  Drone  
  18  0:50  Spawning Pool  
  17  0:57  Drone  
  17  1:00  Extractor  
  17  1:15  Hatchery  
  16  1:20  Drone  
  16  1:23  Drone  
  18  1:29  Drone  
  19  1:40  Overlord  
  19  1:49  Queen  
  21  2:01  Metabolic Boost  
  21  2:03  Zergling x2  
  21  2:07  Zergling x2  
  23  2:14  Drone  
  24  2:21  Baneling Nest  
  23  2:30  Queen  
  25  2:46  Overlord  
  25  2:47  Zergling x8  
  29  2:55  Overlord  
  29  3:07  Baneling  
  29  3:08  Baneling x3  
  29  3:13  Zergling x2  
  29  3:14  Zergling x10  
  35  3:24  Zergling x2  
  36  3:32  Zergling x4  
  33  3:58  Zergling x2  
  33  3:59  Zergling x12  
  33  4:00  Baneling x2  
  38  4:04  Zergling x2  
  38  4:30  Baneling  
  36  4:32  Zergling x2  
  36  4:33  Zergling x8  
  35  4:51  Zergling x2  
  35  4:52  Zergling x12  
  37  5:05  Zergling x4  
  37  5:12  Baneling x3  
  37  5:34  Baneling  
  37  5:35  Baneling  
  37  5:36  Baneling  
  37  5:37  Baneling x2  
Show
View Real Time Build Order
Export as new Build Order

Warkoe Zerg 

Build Orders: Pool First 

Get SALT Encoding   

  12  0:01  Drone  
  13  0:12  Overlord  
  13  0:17  Drone  
  14  0:23  Extractor  
  14  0:24  Drone  
  15  0:31  Drone  
  15  0:35  Drone  
  17  0:47  Spawning Pool  
  17  0:50  Drone  
  17  0:53  Extractor  
  17  0:56  Drone  
  17  1:18  Hatchery  
  17  1:20  Drone  
  17  1:23  Drone  
  18  1:33  Queen  
  20  1:41  Overlord  
  20  1:46  Zergling x2  
  21  1:50  Zergling x2  
  22  2:01  Zergling x2  
  23  2:10  Metabolic Boost  
  23  2:22  Drone x2  
  25  2:34  Drone x2  
  27  2:40  Extractor  
  27  2:42  Drone x3  
  27  2:43  Drone  
  30  2:45  Queen  
  30  2:49  Drone  
  33  2:52  Drone  
  33  2:56  Drone  
  35  3:03  Drone  
  36  3:09  Drone, Extractor  
  36  3:13  Overlord x2  
  36  3:20  Roach Warren  
  36  3:26  Drone  
  36  3:27  Overlord  
  36  3:32  Zergling x6  
  39  3:43  Drone x2  
  29  3:58  Queen  
  29  3:59  Zergling x2  
  29  4:01  Zergling x2  
  28  4:07  Roach  
  30  4:16  Roach  
  32  4:18  Roach  
  36  4:24  Roach  
  27  4:34  Roach  
  27  4:35  Roach x2  
  22  4:47  Roach  
Tags
 
Add a new tag
Caveats
  • Supply blocks, unpowered buildings, or Contaminate may cause inaccurate times.
  • Supply counts are checked every 10 seconds.